Map: Omicron

Players

Duncan - Winner!

  • Race: Protoss Protoss
  • Spawn Location: 9:00

EdibleDXX - Winner!

  • Race: Terran Terran
  • Spawn Location: 7:00

A.I. 2 (Harder)

  • Race: Terran Terran
  • Spawn Location: 1:00

A.I. 3 (Harder)

  • Race: Zerg Zerg
  • Spawn Location: 3:00

VOD

Have the link to the VOD?

Description

Time

  • Played on: Dec. 22, 2015, 8:09 p.m.
  • Length: 30:46
Show
View Real Time Build Order
Export as new Build Order

Duncan Protoss - Winner!

Build Orders: Cannon Rush 

Get SALT Encoding   

  12  0:04  Probe (Chrono Boost)  
  13  0:23  Pylon  
  13  0:34  Probe (Chrono Boost)  
  14  0:45  Probe (Chrono Boost)  
  14  0:46  Forge  
  15  0:56  Pylon  
  15  1:07  Gateway  
  15  1:21  Photon Cannon  
  15  1:24  Photon Cannon  
  15  1:32  Photon Cannon  
  15  1:43  Photon Cannon  
  15  1:57  Cybernetics Core  
  15  2:03  Assimilator  
  15  2:07  Probe (Chrono Boost)  
  16  2:17  Probe (Chrono Boost)  
  17  2:24  Photon Cannon  
  17  2:28  Probe (Chrono Boost)  
  18  2:47  Pylon  
  18  3:00  Nexus  
  18  3:12  Pylon  
  18  3:16  Pylon  
  19  3:20  Probe (Chrono Boost)  
  19  3:30  Probe (Chrono Boost)  
  20  3:37  Gateway  
  20  3:41  Probe (Chrono Boost)  
  21  3:42  Warp Gate (Chrono Boost)  
  21  4:07  Photon Cannon  
  21  4:10  Photon Cannon  
  21  4:14  Photon Cannon  
  21  4:25  Photon Cannon  
  21  4:30  Photon Cannon  
  21  4:52  Probe  
  22  5:00  Pylon  
  22  5:04  Probe, Pylon  
  23  5:16  Probe  
  23  5:19  Stargate  
  24  5:23  Mothership Core  
  26  5:28  Probe  
  27  5:35  Assimilator  
  27  5:41  Probe  
  28  5:53  Probe  
  29  5:58  Assimilator  
  29  5:59  Probe  
  29  6:03  Assimilator  
  30  6:05  Probe  
  30  6:10  Probe  
  31  6:17  Probe  
  33  6:20  Probe  
  33  6:23  Fleet Beacon  
  34  6:31  Probe  
  35  6:41  Probe  
  35  6:43  Gateway  
  36  7:10  Photon Cannon  
  36  7:14  Photon Cannon  
  36  7:16  Photon Cannon  
  36  7:20  Photon Cannon  
  36  7:23  Photon Cannon  
  42  7:40  Pylon  
  42  7:49  Stargate  
  42  7:54  Robotics Facility  
  42  7:57  Robotics Facility  
  42  8:07  Probe  
  43  8:17  Probe  
  44  8:21  Protoss Ground Weapons Level 1 (Chrono Boost)  
  44  8:32  Photon Cannon  
  44  8:35  Photon Cannon  
  44  8:37  Photon Cannon  
  44  8:41  Photon Cannon  
  44  9:26  Immortal  
  44  9:28  Immortal  
  52  10:05  Immortal  
  56  10:07  Immortal  
  56  10:14  Protoss Ground Armor Level 1 (Chrono Boost)  
  60  10:28  Tempest  
  68  10:44  Immortal  
  68  10:46  Immortal  
  76  10:51  Tempest  
  76  11:10  Tempest  
  80  11:34  Tempest  
  84  11:53  Protoss Shields Level 1 (Chrono Boost), Tempest  
  88  12:17  Tempest  
  92  12:45  Pylon  
  92  12:50  Pylon  
  92  12:55  Protoss Air Weapons Level 1  
  92  12:58  Pylon  
  92  13:00  Pylon  
  92  13:04  Immortal x2  
  100  14:16  Nexus  
  100  14:24  Tempest  
  100  14:27  Tempest  
  108  14:34  Protoss Air Armor Level 1, Pylon  
  108  14:36  Pylon  
  108  14:38  Pylon  
  108  14:42  Immortal, Pylon  
  108  14:44  Immortal  
  116  15:07  Tempest  
  116  15:10  Tempest  
  124  15:22  Immortal  
  124  15:23  Immortal  
  132  15:58  Assimilator  
  132  16:01  Immortal, Assimilator  
  132  16:03  Immortal  
  140  16:40  Immortal  
  140  16:42  Immortal  
  148  16:47  Twilight Council  
  148  16:49  Tempest  
  148  16:53  Tempest  
  156  17:19  Immortal  
  156  17:21  Immortal  
  164  17:32  Tempest  
  164  17:35  Tempest  
  172  17:43  Protoss Air Weapons Level 2  
  172  18:06  Protoss Ground Weapons Level 2 (Chrono Boost)  
  172  18:23  Pylon  
  172  18:26  Pylon  
  172  18:28  Pylon  
  172  18:31  Pylon  
  172  19:17  Nexus  
  172  19:22  Assimilator  
  172  19:25  Assimilator  
  164  19:41  Protoss Air Armor Level 2  
  160  20:04  Protoss Ground Armor Level 2 (Chrono Boost)  
  148  22:02  Protoss Shields Level 2 (Chrono Boost)  
  140  23:05  Immortal  
  144  23:08  Immortal  
  144  23:11  Tempest  
  152  23:13  Tempest  
  156  23:44  Immortal  
  156  23:47  Immortal  
  164  23:54  Tempest  
  168  23:56  Tempest  
  172  24:23  Immortal  
  176  24:26  Immortal  
  180  24:37  Tempest  
  188  25:00  Tempest  
  188  25:03  Immortal  
  188  25:05  Immortal  
  196  25:15  Protoss Air Weapons Level 3  
  196  25:35  Protoss Ground Weapons Level 3 (Chrono Boost)  
  196  25:42  Immortal  
  200  27:31  Protoss Air Armor Level 3  
  200  27:52  Protoss Ground Armor Level 3 (Chrono Boost)  
Show
View Real Time Build Order
Export as new Build Order

EdibleDXX Terran - Winner!

Build Orders:  

Get SALT Encoding   

  12  0:07  SCV  
  13  0:19  SCV  
  14  0:29  Supply Depot  
  14  0:31  SCV  
  15  0:43  Refinery  
  15  0:47  Refinery  
  15  0:58  Barracks  
  15  0:59  SCV  
  16  1:11  SCV  
  17  1:23  SCV  
  18  1:30  Engineering Bay  
  18  1:35  SCV  
  19  1:48  Factory, Marine  
  20  1:54  Orbital Command  
  20  2:06  Marine  
  21  2:20  SCV  
  22  2:28  Barracks Tech Lab  
  22  2:32  SCV  
  22  2:34  Starport  
  23  2:40  Factory Tech Lab  
  23  2:56  Supply Depot  
  23  3:01  Stimpack  
  23  3:18  SCV, Siege Tank  
  27  3:20  Supply Depot  
  27  3:30  SCV  
  28  3:38  Starport Tech Lab  
  28  3:40  Starport  
  28  3:42  SCV  
  28  3:43  Marine  
  28  3:44  Supply Depot  
  30  4:01  Marine  
  31  4:16  Banshee  
  34  4:19  Marine  
  35  4:26  Sensor Tower  
  35  4:37  Marine  
  36  4:46  Command Center  
  36  4:54  Factory, Starport Tech Lab, Marine  
  37  5:08  Supply Depot  
  37  5:10  Terran Infantry Armor Level 1  
  37  5:20  SCV  
  38  5:31  Supply Depot  
  38  5:32  SCV  
  39  5:41  Factory Tech Lab  
  39  5:44  SCV  
  40  5:55  Supply Depot, Fusion Core  
  40  5:56  SCV  
  41  6:03  Siege Tank  
  44  6:14  Marine  
  44  6:17  Cloaking Field  
  45  6:20  Supply Depot  
  45  6:31  Marine  
  46  6:49  Marine  
  46  7:07  Marine  
  45  7:25  Marine  
  46  7:36  Siege Tank x2  
  52  8:05  Refinery  
  52  8:06  Refinery  
  52  8:08  Siege Tank  
  52  8:12  Bunker  
  55  8:14  Bunker  
  55  8:20  Missile Turret  
  55  8:21  SCV  
  56  8:33  SCV  
  57  8:41  Medivac  
  59  8:45  SCV  
  60  8:58  SCV  
  61  9:06  Neosteel Frame  
  61  9:10  SCV  
  62  9:22  SCV  
  63  9:35  Planetary Fortress  
  63  9:42  Marine  
  64  9:59  Marine  
  64  10:00  Battlecruiser x2  
  77  10:17  Marine  
  78  10:35  Marine  
  79  10:45  Supply Depot  
  79  10:53  Marine  
  80  11:08  Supply Depot  
  72  11:31  Supply Depot  
  47  11:55  Supply Depot  
  47  12:00  Weapon Refit  
  47  12:07  Battlecruiser x2  
  59  12:17  Supply Depot  
  59  12:43  Supply Depot  
  59  12:51  Behemoth Reactor  
  59  13:11  Battlecruiser  
  65  13:36  Orbital Command  
  65  14:21  Refinery  
  65  14:22  Refinery  
  65  14:31  Marine  
  66  14:48  SCV  
  66  14:49  Marine  
  68  15:00  SCV  
  68  15:03  Missile Turret  
  68  15:06  Battlecruiser  
  75  15:07  Marine  
  75  15:08  Siege Tank  
  75  15:12  SCV  
  80  15:25  Marine  
  81  15:35  Sensor Tower  
  81  15:43  Marine  
  82  16:00  Marine  
  83  16:08  Missile Turret  
  83  16:09  SCV  
  84  16:18  Marine  
  86  16:26  Command Center  
  86  16:36  Marine  
  87  16:40  Siege Tank x2  
  87  16:43  SCV  
  93  16:50  Refinery  
  93  16:54  Marine  
  93  16:55  SCV  
  95  17:05  Refinery  
  95  17:07  SCV  
  96  17:12  Marine  
  85  17:29  Marine  
  86  17:47  Marine  
  87  17:59  Medivac  
  87  18:00  Battlecruiser  
  87  18:05  Marine  
  95  18:06  SCV  
  97  18:18  SCV x2  
  99  18:30  SCV  
  99  18:31  SCV  
  101  18:40  Marine  
  102  18:42  SCV  
  102  18:43  SCV  
  104  18:54  SCV  
  104  18:55  SCV  
  106  18:58  Marine  
  107  19:06  SCV  
  109  19:16  Orbital Command  
  108  19:18  SCV  
  109  19:30  SCV  
  110  19:42  SCV  
  111  20:07  Raven  
  111  20:08  Raven  
  115  20:15  Hellion  
  117  20:50  Raven  
  117  20:51  Battlecruiser  
  117  20:56  Supply Depot  
  125  21:03  Combat Shields  
  125  21:08  Explosive Shrapnel Shells  
  125  21:11  Corvid Reactor  
  125  21:19  Terran Infantry Weapons Level 1, Supply Depot  
  125  21:21  Armory  
  125  21:29  SCV  
  126  21:33  Battlecruiser  
  132  21:41  SCV  
  132  21:43  Supply Depot  
  129  22:07  Supply Depot  
  126  22:21  Battlecruiser  
  131  22:31  Supply Depot  
  131  22:38  Battlecruiser  
  137  22:45  Terran Ship Weapons Level 1  
  137  22:56  Supply Depot, Siege Tank  
  140  23:22  Supply Depot  
  140  24:39  Terran Vehicle Weapons Level 1  
  140  25:49  Siege Tank  
  146  25:50  Siege Tank  
  146  25:53  Battlecruiser  
  146  25:54  Refinery  
  152  25:59  Orbital Command  
  152  26:12  Refinery  
  152  26:17  Marine  
  153  26:21  Battlecruiser  
  153  26:22  Siege Tank x2  
  165  26:33  Terran Vehicle And Ship Armor Level 1  
  165  26:35  Marine  
  166  26:42  SCV x2  
  168  26:52  Marine  
  168  26:54  SCV x2, Siege Tank x2  
  177  27:10  Marine  
  178  27:26  Siege Tank x2  
  178  27:28  Marine  
  185  27:46  Marine  
  186  27:58  Siege Tank x2  
Show
View Real Time Build Order
Export as new Build Order

A.I. 2 (Harder) Terran 

Build Orders: MMM Bio 

Get SALT Encoding   

  12  0:01  SCV  
  13  0:13  SCV  
  14  0:20  Supply Depot  
  14  0:25  SCV  
  15  0:41  SCV  
  16  0:47  Barracks  
  16  0:48  Refinery  
  16  0:53  SCV  
  17  1:05  SCV  
  18  1:17  SCV  
  19  1:20  Supply Depot  
  19  1:30  SCV  
  20  1:35  Marine  
  21  1:40  Barracks  
  21  1:43  Orbital Command  
  21  1:48  Refinery  
  21  1:54  Barracks Tech Lab  
  21  2:06  Factory  
  21  2:12  Marine  
  22  2:21  Supply Depot  
  22  2:30  Marine  
  23  2:48  Marauder  
  23  2:51  Hellion  
  27  2:53  Supply Depot  
  27  2:58  Marine  
  28  3:09  Marine  
  29  3:16  Marine  
  30  3:22  Supply Depot  
  30  3:27  Marauder  
  30  3:30  Hellion  
  34  3:45  SCV  
  35  3:49  Marauder  
  35  3:51  Hellion  
  39  3:57  Supply Depot, SCV  
  40  4:07  Engineering Bay  
  40  4:09  SCV  
  41  4:10  Marauder  
  41  4:13  Hellion  
  45  4:21  SCV  
  46  4:33  SCV  
  46  4:34  Hellion  
  49  4:45  SCV  
  50  4:56  Hellion  
  52  5:17  Hellion  
  54  6:09  Barracks Tech Lab  
  54  6:10  Terran Infantry Weapons Level 1, Stimpack, Marine  
  55  6:13  Factory Tech Lab, Factory  
  55  6:20  Starport  
  55  6:27  Combat Shields, Starport, Marine  
  55  6:28  Marine  
  55  6:29  Command Center, Supply Depot  
  57  6:33  Missile Turret  
  57  6:45  Marine x2  
  44  6:54  Ghost Academy  
  44  6:57  Factory Tech Lab  
  44  6:58  Starport Tech Lab  
  36  7:03  Marine x2  
  33  7:17  Raven  
  33  7:21  Marine x2  
  37  7:39  Marauder, Marine  
  40  7:54  SCV  
  40  7:57  Reaper  
  42  8:00  SCV, Raven, Marine  
  42  8:05  Terran Infantry Armor Level 1, Refinery  
  46  8:06  SCV  
  46  8:11  Refinery  
  48  8:12  SCV  
  48  8:18  SCV, Marine  
  50  8:24  SCV  
  50  8:26  Missile Turret  
  51  8:29  Marine  
  51  8:30  SCV  
  53  8:36  Missile Turret, Marauder  
  53  8:37  SCV  
  56  8:43  SCV  
  56  8:47  Marine  
  58  8:49  SCV  
  58  8:52  Bunker  
  58  8:55  SCV  
  60  8:58  Marauder  
  60  8:59  Concussive Shells  
  60  9:01  SCV  
  63  9:04  Marine  
  63  9:06  Missile Turret  
  63  9:07  SCV  
  65  9:13  SCV  
  65  9:16  Sensor Tower  
  66  9:19  SCV, Marauder  
  66  9:23  Reaper  
  70  9:25  SCV, Supply Depot  
  70  9:29  Bunker  
  71  9:35  Armory  
  71  9:40  Marine  
  72  9:47  Barracks  
  72  9:55  Marauder  
  72  9:57  Ghost  
  76  10:16  Marauder  
  78  10:28  Hellion  
  80  10:31  Factory  
  80  10:32  Siege Tank  
  80  10:35  Command Center, Starport  
  83  10:36  Supply Depot, Barracks Reactor  
  83  10:49  Hellion  
  85  10:58  Medivac  
  85  10:59  Supply Depot  
  85  11:01  Medivac  
  89  11:04  Siege Tank  
  89  11:10  Siege Tank  
  95  11:11  Medivac  
  95  11:14  Factory Tech Lab  
  97  11:24  Supply Depot  
  97  11:28  Raven  
  99  11:35  Siege Tank  
  99  11:36  Siege Tank  
  105  11:41  Starport Tech Lab  
  105  11:43  Hellion  
  107  11:47  Supply Depot  
  107  11:54  SCV  
  108  11:56  SCV  
  108  11:59  SCV  
  110  12:04  Hellion  
  110  12:06  SCV  
  110  12:07  Siege Tank  
  117  12:08  SCV, Siege Tank  
  117  12:11  SCV, Terran Infantry Weapons Level 2  
  121  12:18  SCV  
  121  12:20  Supply Depot, SCV  
  123  12:23  SCV  
  123  12:25  Siege Tank  
  127  12:30  SCV  
  127  12:31  Raven  
  127  12:32  SCV  
  127  12:35  SCV  
  130  12:38  Infernal Pre-Igniter  
  130  12:42  SCV, Terran Vehicle Weapons Level 1  
  131  12:44  SCV  
  131  12:48  Supply Depot, SCV  
  131  13:01  Missile Turret  
  131  13:04  Missile Turret  
  131  13:05  Raven  
  131  13:07  Refinery  
  131  13:08  Command Center  
  131  13:24  Bunker  
  131  13:32  Engineering Bay  
  131  13:35  Refinery, Raven  
  131  13:50  Raven  
  132  13:57  Terran Infantry Armor Level 2  
  132  14:05  Fusion Core  
  132  14:13  Siege Tank  
  135  14:18  Siege Tank  
  135  14:20  SCV  
  135  14:21  SCV x2  
  141  14:29  Refinery  
  141  14:30  Refinery  
  141  14:32  Thor  
  141  14:36  Terran Ship Weapons Level 1  
  147  14:49  Missile Turret  
  147  14:52  Missile Turret  
  147  14:56  Raven  
  147  15:13  Bunker  
  147  15:15  Terran Infantry Weapons Level 3  
  147  16:12  Command Center  
  147  16:14  Terran Infantry Armor Level 3  
  147  16:30  Terran Vehicle Weapons Level 2  
  147  17:00  Hellion  
  145  17:03  Marine  
  145  17:05  Marine  
  141  17:10  Raven  
  143  17:17  Liberator  
  143  17:21  Marine  
  144  17:24  Marine  
  144  17:26  Viking  
  144  17:28  Marine  
  148  17:30  Marine  
  148  17:36  Refinery, Liberator  
  152  17:38  Missile Turret  
  152  17:40  Missile Turret  
  152  17:43  Cyclone, Refinery  
  155  17:47  Marauder  
  157  17:52  Building Armor  
  157  17:56  Viking  
  162  18:02  Bunker  
  162  18:04  Advanced Ballistics  
  162  18:18  High Capacity Fuel Tanks  
  162  18:28  Armory  
  162  18:45  Terran Ship Weapons Level 2  
  162  18:51  Hi-Sec Auto Tracking  
  162  19:06  Command Center  
  162  19:15  Terran Vehicle Weapons Level 3  
  162  19:24  Raven  
  162  19:31  Neosteel Frame  
  162  19:38  Raven  
  160  20:06  Liberator  
  160  20:07  Raven  
  162  20:19  Cyclone  
  157  20:22  Marauder  
  157  20:26  Viking  
  157  20:29  Refinery  
  157  20:33  Missile Turret  
  155  20:40  Missile Turret  
  153  20:45  Refinery, Marine  
  153  20:48  Thor  
  136  20:50  Raven  
  136  20:51  Marine  
  136  20:55  Widow Mine  
  100  20:58  Widow Mine  
  100  20:59  Medivac  
  100  21:02  Terran Vehicle And Ship Armor Level 1  
  100  21:03  Bunker  
  96  21:05  Marine  
  96  21:06  Raven  
  96  21:09  Marine  
  100  21:12  Marine  
  100  21:16  Marine  
  102  21:23  Marine  
  103  21:27  Marine  
  103  21:30  Marine  
  103  21:31  Widow Mine  
  107  21:32  Medivac  
  107  21:35  Drilling Claws, Widow Mine  
  107  21:39  Thor  
  115  21:43  Viking  
  117  21:49  Raven  
  119  21:55  Terran Ship Weapons Level 3  
  119  21:58  Marine  
  119  22:00  Siege Tank  
  114  22:02  Viking  
  114  22:06  Marine  
  112  22:10  Marine  
  112  22:14  Siege Tank  
  114  22:17  Viking  
  114  22:22  Siege Tank  
  117  22:32  Siege Tank, Raven, Medivac  
  115  22:44  Marine  
  115  22:46  Siege Tank  
  115  22:48  Marine  
  114  22:52  Marine  
  114  22:55  Marine  
  114  22:57  Terran Vehicle And Ship Armor Level 2, Liberator  
  114  23:02  Raven, Marine  
  117  23:06  Marine  
  117  23:09  Marine  
  117  23:10  Siege Tank  
  122  23:15  Raven  
  122  23:17  Command Center  
  122  23:18  Widow Mine  
  129  23:21  Widow Mine  
  129  23:27  Marauder  
  129  23:28  Marauder  
  133  23:37  SCV  
  133  23:38  SCV  
  133  23:39  SCV x2  
  133  23:40  SCV  
  133  23:41  Marine  
  124  23:42  Siege Tank  
  124  23:45  Raven  
  124  23:47  Hellion  
  126  23:49  Marauder  
  126  23:50  SCV x2, Siege Tank, Marauder  
  126  23:51  SCV  
  126  23:52  SCV  
  126  23:53  SCV  
  137  23:57  Viking  
  137  23:58  Viking, Missile Turret  
  137  24:02  SCV  
  142  24:03  SCV  
  142  24:08  Hellion  
  145  24:11  Command Center, Liberator  
  145  24:18  Missile Turret  
  145  24:23  SCV  
  145  24:24  Missile Turret  
  145  24:29  SCV, Marine  
  145  24:30  Ghost, Marine  
  145  24:31  Marauder  
  154  24:34  Refinery  
  153  24:38  Refinery  
  153  24:39  SCV  
  153  24:40  Supply Depot  
  153  24:42  Hellion x2, Missile Turret  
  157  24:47  Marine x2  
  157  24:51  Marine  
  160  24:59  Marine  
  161  25:04  Supply Depot  
  161  25:05  Marine x2  
  163  25:08  SCV  
  163  25:09  Marine  
  164  25:15  SCV  
  164  25:17  Marine  
  165  25:23  Marine x2  
  165  25:27  Marine  
  168  25:28  Bunker  
  168  25:35  Marine  
  169  25:41  Marine x2  
  170  25:43  SCV  
  170  25:45  Marauder  
  170  25:48  SCV  
  173  25:52  Ghost  
  174  25:58  Marine  
  174  25:59  Marine  
  176  26:06  Raven  
  176  26:07  Marauder  
  178  26:15  Raven  
  177  26:22  Marauder  
  177  26:28  Marauder  
  179  26:43  Marauder  
  180  26:48  Raven  
  181  26:56  Marine  
  176  27:02  Marauder  
  176  27:03  Marine  
  176  27:04  Marauder  
  176  27:06  Raven  
  150  27:14  Marine  
  135  27:21  Marine  
  136  27:23  Marine  
  136  27:24  Missile Turret  
  136  27:26  Marauder  
  136  27:27  Viking  
  136  27:28  Hellion x2  
  141  27:32  Marine  
  140  27:39  Missile Turret, Marine  
  140  27:40  Siege Tank  
  140  27:41  Marine  
  137  27:48  Raven  
  137  27:49  Siege Tank  
  135  27:52  Marauder  
  107  27:59  Marauder  
  107  28:00  Command Center  
  107  28:02  Viking  
  107  28:04  Armory  
  62  28:10  SCV  
  62  28:12  SCV  
  47  28:13  SCV, Hellion  
  47  28:14  Marauder  
  42  28:21  Marauder  
  42  28:22  SCV, Hellion  
  42  28:24  Missile Turret  
  42  28:25  Command Center  
  44  28:31  Viking  
  44  28:32  Medivac  
  44  28:34  Thor, Marine, SCV  
  39  28:41  Marine  
  42  28:51  SCV  
  42  28:52  Marine  
  42  28:59  Marine  
  42  29:03  SCV  
  42  29:10  Marine  
  42  29:13  Command Center  
  42  29:15  SCV  
  24  29:17  Siege Tank  
  24  29:18  Marauder  
  20  29:27  SCV, Factory  
  20  29:28  SCV, Marauder  
  23  29:37  SCV  
  14  29:38  Marine  
  14  29:39  SCV  
  14  29:40  SCV  
  14  29:41  Armory  
  15  29:50  SCV  
  13  29:53  SCV  
  7  30:02  SCV  
  5  30:32  Refinery  
Show
View Real Time Build Order
Export as new Build Order

A.I. 3 (Harder) Zerg 

Build Orders: Pool First 

Get SALT Encoding   

  12  0:01  Drone  
  13  0:12  Overlord  
  13  0:17  Drone  
  14  0:30  Drone x2  
  16  0:42  Spawning Pool  
  15  0:44  Drone  
  15  0:48  Drone  
  17  0:52  Extractor  
  17  0:55  Drone  
  17  1:06  Overlord  
  17  1:29  Queen  
  17  1:31  Zergling x4  
  21  1:35  Roach Warren  
  21  1:38  Drone  
  21  1:42  Baneling Nest  
  20  1:49  Drone  
  21  1:59  Drone  
  22  2:10  Zergling x2  
  23  2:21  Drone  
  24  2:26  Baneling  
  24  2:28  Baneling  
  24  2:31  Overlord  
  24  2:36  Metabolic Boost, Drone, Zergling x4  
  27  2:43  Zergling x2  
  28  2:54  Baneling, Zergling x2  
  28  2:58  Baneling  
  29  3:05  Zergling x2  
  30  3:06  Extractor  
  30  3:07  Drone, Zergling x2  
  30  3:08  Evolution Chamber, Zergling x2  
  31  3:16  Drone  
  32  3:27  Drone  
  33  3:38  Overlord  
  33  3:39  Drone x2  
  35  3:49  Drone  
  36  4:00  Roach  
  38  4:09  Lair  
  38  4:11  Overlord, Roach, Drone  
  38  4:12  Drone  
  42  4:23  Roach  
  43  4:33  Roach  
  45  4:42  Overlord  
  45  4:44  Zerg Melee Weapons Level 1  
  45  5:06  Hatchery  
  44  5:10  Hydralisk Den  
  44  5:11  Drone  
  44  5:41  Hydralisk  
  46  5:48  Hydralisk  
  48  5:57  Centrifical Hooks  
  48  6:12  Spore Crawler  
  48  6:13  Drone  
  48  6:16  Burrow  
  48  6:19  Drone x4, Spore Crawler  
  48  6:20  Drone x4  
  48  6:21  Drone  
  56  6:28  Drone  
  56  6:29  Drone  
  56  6:30  Extractor  
  57  6:38  Zerg Ground Armor Level 1  
  57  6:39  Drone x2  
  57  6:48  Extractor  
  57  6:49  Drone, Roach  
  57  6:50  Drone  
  57  6:51  Drone  
  57  6:53  Drone  
  55  7:00  Hydralisk  
  53  7:01  Drone  
  48  7:12  Drone x2  
  50  7:21  Drone, Roach  
  50  7:22  Overlord  
  53  7:25  Roach  
  53  7:28  Evolution Chamber, Roach  
  53  7:29  Overseer  
  56  7:32  Hatchery  
  56  7:33  Zergling x2  
  56  7:37  Roach  
  56  7:42  Overseer  
  58  7:45  Roach  
  58  7:47  Hydralisk  
  62  7:53  Zerg Missile Weapons Level 1, Infestation Pit, Roach  
  62  7:57  Pneumatized Carapace  
  63  8:06  Roach  
  63  8:09  Roach  
  63  8:12  Overlord  
  67  8:17  Roach  
  69  8:20  Roach  
  69  8:24  Roach  
  73  8:29  Hydralisk  
  73  8:32  Overlord  
  73  8:33  Infestor  
  77  8:37  Hydralisk  
  77  8:40  Hydralisk  
  81  8:44  Hydralisk, Overseer  
  83  8:50  Drone  
  83  8:52  Drone  
  83  8:53  Infestor  
  87  8:57  Overlord  
  87  9:00  Drone  
  88  9:03  Drone  
  88  9:05  Drone  
  88  9:07  Drone  
  88  9:09  Drone  
  92  9:10  Drone  
  92  9:12  Drone  
  92  9:14  Drone  
  92  9:15  Drone  
  96  9:19  Overlord  
  96  9:21  Drone  
  97  9:25  Drone  
  97  9:28  Drone  
  97  9:29  Muscular Augments  
  97  9:30  Drone  
  100  9:31  Drone  
  100  9:33  Drone  
  100  9:34  Drone  
  100  9:36  Drone  
  104  9:40  Overlord  
  104  9:44  Drone, Zerg Melee Weapons Level 2  
  105  9:50  Zerg Ground Armor Level 2  
  105  10:05  Extractor  
  105  10:06  Drone  
  105  10:10  Extractor  
  105  10:11  Drone, Pathogen Glands  
  105  10:16  Drone, Spine Crawler  
  105  10:19  Glial Reconstitution  
  105  10:20  Spine Crawler  
  105  10:21  Drone  
  105  10:22  Spore Crawler, Drone  
  105  10:26  Spore Crawler, Drone  
  105  10:29  Spore Crawler  
  105  10:31  Spore Crawler, Drone  
  105  10:32  Spire  
  105  10:33  Drone  
  105  10:34  Drone  
  105  10:58  Overlord  
  105  11:08  Zergling x2  
  105  11:09  Hydralisk, Roach  
  105  11:12  Hydralisk  
  105  11:15  Hydralisk  
  103  11:26  Roach  
  103  11:28  Roach  
  103  11:31  Roach  
  99  11:44  Spine Crawler  
  99  11:46  Drone, Spine Crawler  
  98  11:48  Drone  
  98  11:49  Ravager  
  98  11:50  Zerg Flyer Weapons Level 1, Roach  
  98  11:51  Spine Crawler  
  98  11:52  Hive, Drone, Ravager  
  103  11:54  Ravager  
  103  11:55  Roach  
  103  11:58  Hatchery, Roach  
  103  12:00  Drone, Zerg Missile Weapons Level 2  
  108  12:12  Ravager  
  108  12:13  Roach  
  111  12:19  Ravager, Roach  
  111  12:20  Spine Crawler  
  111  12:22  Overlord, Drone  
  114  12:26  Overseer  
  114  12:29  Queen  
  116  12:33  Queen  
  118  12:40  Overlord  
  118  12:43  Tunneling Claws  
  118  12:47  Overseer  
  118  13:00  Overlord  
  118  13:04  Zerg Melee Weapons Level 3, Queen  
  120  13:11  Queen  
  122  13:16  Overseer  
  122  13:18  Overlord  
  122  13:25  Extractor  
  122  13:26  Drone  
  125  13:28  Roach  
  125  13:29  Spore Crawler  
  125  13:31  Roach  
  125  13:32  Spore Crawler  
  125  13:33  Roach  
  129  13:35  Lair, Extractor  
  129  13:36  Overlord  
  129  13:37  Roach  
  129  13:39  Roach  
  134  13:41  Roach  
  134  13:43  Roach  
  134  13:44  Zerg Flyer Armor Level 1  
  136  13:55  Overlord, Roach  
  138  13:56  Drone, Overseer  
  138  13:57  Infestor  
  138  13:58  Drone, Spine Crawler  
  138  14:01  Spine Crawler  
  140  14:06  Overseer  
  140  14:13  Overlord, Swarm Host, Drone  
  140  14:16  Zerg Ground Armor Level 3  
  144  14:31  Drone  
  144  14:32  Overlord, Drone  
  146  14:51  Overlord, Ultralisk Cavern  
  145  14:54  Drone  
  146  15:38  Zerg Flyer Weapons Level 2  
  146  15:41  Zerg Missile Weapons Level 3  
  146  16:26  Hatchery  
  146  16:28  Drone  
  146  16:30  Overlord, Overseer  
  146  16:39  Mutalisk  
  148  16:40  Viper  
  148  16:43  Mutalisk  
  148  16:46  Mutalisk  
  153  16:49  Overlord  
  153  16:50  Mutalisk  
  153  16:53  Corruptor  
  157  16:57  Mutalisk  
  157  17:01  Mutalisk  
  161  17:05  Mutalisk  
  161  17:07  Overlord  
  164  17:08  Mutalisk  
  164  17:12  Mutalisk  
  164  17:15  Overseer  
  160  17:16  Hydralisk  
  160  17:19  Hydralisk  
  154  17:23  Hydralisk  
  154  17:26  Overlord  
  154  17:27  Hydralisk  
  158  17:31  Hydralisk  
  158  17:34  Hydralisk  
  162  17:38  Hydralisk  
  162  17:42  Spore Crawler, Viper, Hydralisk  
  168  17:44  Drone, Queen, Overlord  
  168  17:46  Hydralisk  
  168  17:49  Hydralisk, Extractor  
  168  17:50  Drone  
  175  17:51  Spore Crawler  
  175  17:53  Drone, Corruptor  
  175  17:54  Zerg Flyer Armor Level 2  
  175  17:55  Spore Crawler  
  175  17:56  Drone, Extractor  
  177  17:58  Drone  
  177  18:03  Overlord  
  177  18:17  Spine Crawler  
  177  18:18  Drone  
  177  18:21  Overlord, Spine Crawler  
  177  18:22  Drone  
  177  19:15  Overlord, Overseer  
  177  19:28  Queen  
  177  19:29  Mutalisk  
  169  19:33  Mutalisk  
  169  19:36  Mutalisk, Spine Crawler  
  169  19:38  Drone x2  
  149  19:39  Drone x2  
  149  19:40  Mutalisk  
  149  19:41  Spore Crawler  
  149  19:44  Mutalisk, Drone  
  149  19:45  Drone x2, Overseer  
  118  19:46  Drone x2  
  118  19:47  Mutalisk  
  118  19:51  Mutalisk  
  118  19:52  Viper  
  116  19:55  Mutalisk  
  116  19:57  Overlord  
  116  19:58  Hydralisk  
  120  20:00  Drone  
  120  20:01  Overseer  
  120  20:02  Hydralisk  
  120  20:06  Spine Crawler, Roach, Zergling x2  
  123  20:07  Zergling x2  
  123  20:08  Roach, Zergling x2  
  123  20:09  Roach, Zergling x2  
  123  20:10  Zerg Flyer Weapons Level 3, Spine Crawler, Roach, Zergling x2  
  123  20:11  Roach, Zergling x2  
  123  20:12  Hydralisk, Roach  
  123  20:13  Hydralisk x2  
  105  20:17  Mutalisk  
  105  20:20  Mutalisk  
  103  20:22  Mutalisk  
  103  20:23  Overseer  
  103  20:24  Overlord  
  103  20:26  Mutalisk  
  103  20:27  Spore Crawler  
  98  20:29  Corruptor  
  98  20:33  Infestor  
  96  20:38  Overseer  
  96  20:41  Infestor  
  90  20:43  Overseer  
  90  20:44  Mutalisk, Zergling x2  
  90  20:45  Mutalisk, Overseer  
  90  20:48  Roach  
  93  20:51  Roach  
  93  20:54  Infestor  
  93  20:57  Infestor  
  94  21:00  Infestor  
  94  21:01  Drone  
  94  21:03  Roach  
  95  21:06  Drone, Roach  
  95  21:09  Roach  
  95  21:10  Drone, Overseer  
  95  21:11  Overlord  
  100  21:12  Roach  
  100  21:15  Roach  
  100  21:18  Drone, Roach  
  105  21:19  Drone  
  105  21:21  Roach  
  105  21:23  Drone x2  
  105  21:24  Drone, Roach  
  105  21:25  Drone  
  115  21:27  Drone, Infestor  
  115  21:28  Drone  
  118  21:34  Overseer  
  118  21:36  Infestor  
  118  21:39  Infestor  
  121  21:42  Infestor  
  121  21:44  Hatchery  
  121  21:45  Infestor  
  116  21:48  Extractor  
  116  21:49  Roach  
  116  21:52  Roach  
  112  21:55  Roach  
  112  21:58  Overlord, Roach  
  107  22:01  Drone  
  90  22:27  Overseer  
  82  22:33  Drone  
  40  22:37  Drone  
  40  22:38  Drone  
  22  27:13  Roach  
  24  27:18  Drone  
  16  29:51  Drone  
  10  30:40  Hatchery  
Tags
 
Add a new tag
Caveats
  • Supply blocks, unpowered buildings, or Contaminate may cause inaccurate times.
  • Supply counts are checked every 10 seconds.